 Dungeon Crawl Stone Soup version 0.30-a0-881-g1ff12e1e11 (webtiles) character file.

Game seed: 5836571140759352458

591 hikkokomori the Digger (level 7, -13/40 HPs)
             Began as a Gargoyle Earth Elementalist on Mar 15, 2023.
             Mangled by an ogre
             ... wielding a +0 giant club
              (21 damage)
             ... on level 4 of the Dungeon.
             The game lasted 00:05:05 (2497 turns).

hikkokomori the Digger (GrEE)                       Turns: 2497, Time: 00:05:07

Health: -13/40     AC: 10    Str: 12    XL:     7   Next: 39%
Magic:  14/19      EV: 10    Int: 17    God:
Gold:   177        SH:  0    Dex: 10    Spells: 6/10 levels left

rFire   . . .      SeeInvis .    d - +3 hand axe (heavy)
rCold   . . .      Faith    .    (no shield)
rNeg    + + .      Spirit   .    j - +1 ring mail of Plasticity {rN+}
rPois   ∞          Reflect  .    g - +0 hat
rElec   +          Rampage  .    (no cloak)
rCorr   .                        (no gloves)
Will    .....                    (no boots)
Stlth   +                        (no amulet)
HPRegen 0.26/turn                m - ring of magical power
MPRegen 0.16/turn                (no ring)

@: very slow
A: sickness immunity, AC +4, negative energy resistance 1, electricity
resistance, torment resistance 1, petrification resistance
a: no special abilities


You were on level 4 of the Dungeon.
You visited 1 branch of the dungeon, and saw 4 of its levels.

You collected 177 gold pieces.

Inventory:

Hand Weapons
 d - a +3 heavy hand axe (weapon)
 q - a +0 war axe
Armour
 a - a +0 robe
 g - a +0 hat (worn)
 j - the +1 ring mail of Plasticity (worn) {rN+}
   (You found it on level 2 of the Dungeon)

   rN:        It protects you from negative energy.
Jewellery
 e - a ring of fire
 m - a ring of magical power (left hand)
Scrolls
 c - 3 scrolls of teleportation
 f - a scroll of enchant armour {unknown}
 h - a scroll of fear
 l - 2 scrolls of vulnerability {unknown}
 s - a scroll of identify {unknown}
Potions
 b - a potion of magic
 i - a potion of degeneration {unknown}
 k - a potion of mutation {unknown}
 n - a potion of berserk rage {unknown}
 o - 2 potions of haste {unknown}
 p - a potion of brilliance {unknown}
 r - 2 potions of attraction {unknown}


   Skills:
 + Level 2.9 Fighting
 - Level 2.1 Axes
 - Level 1.6 Dodging
 - Level 3.9 Stealth
 - Level 2.0 Spellcasting
 + Level 2.9 Conjurations
 - Level 0.8 Transmutations
 + Level 6.0 Earth Magic
 + Level 2.6 Poison Magic


You had 6 spell levels left.
You knew the following spells:

 Your Spells              Type           Power      Damage    Failure   Level
a - Sandblast             Erth           44%        2d11      3%          1
b - Mephitic Cloud        Conj/Pois/Air  8%         N/A       52%         3

Your spell library contained the following spells:

 Spells                   Type           Power      Damage    Failure   Level
 Magic Dart               Conj           44%        1d5       13%         1
 Passwall                 Tmut/Erth      10%        N/A       16%         2
 Stone Arrow              Conj/Erth      34%        3d9       21%         3
 Call Imp                 Summ           1%         N/A       54%         2
 Petrify                  Tmut/Erth      13%        N/A       71%         4


Dungeon Overview and Level Annotations

Branches:
Dungeon (4/15)             Temple (0/1) D:4

Altars:
Ashenzari
Kikubaaqudgha
Makhleb
Ru
Trog
Uskayaw
The Shining One


Innate Abilities, Weirdness & Mutations

You are immune to sickness and miasma.
Your stone body is resilient. (AC +4)
You are immune to poison.
You resist negative energy. (rN+)
You are resistant to electric shocks. (rElec)
You are resistant to unholy torment.
You are immune to petrification.


Message History

You hear the brisk rusting of a drain nearby.
s - a scroll labelled BAELOM QORHUCO An adder comes into view.
Casting: Sandblast (safe; 3% risk of failure)
Confirm with . or Enter, or press ? or * to list all spells.
Aiming: Sandblast (safe; 3% risk of failure)
Press: ? - help, Shift-Dir - straight line, f - adder
Aim: an adder (asleep, 100% to hit)
The blast of sand hits the adder!
You kill the adder!
Unknown command.
You enter the shallow water.
Moving in this stuff is going to be slow.
A worm comes into view.
You see here an adder corpse.
Casting: Sandblast (safe; 3% risk of failure)
Confirm with . or Enter, or press ? or * to list all spells.
Aiming: Sandblast (safe; 3% risk of failure)
Press: ? - help, Shift-Dir - straight line, f - worm
Aim: a worm (94% to hit)
The blast of sand hits the worm.
The worm is moderately wounded.
Casting: Sandblast (safe; 3% risk of failure)
Confirm with . or Enter, or press ? or * to list all spells.
Aiming: Sandblast (safe; 3% risk of failure)
Press: ? - help, Shift-Dir - straight line, f/p - worm
Aim: a worm (moderately wounded, 94% to hit)
The blast of sand hits the worm!
You kill the worm!
Casting: Sandblast (safe; 3% risk of failure)
Confirm with . or Enter, or press ? or * to list all spells.
You don't know that spell.
An ogre comes into view. It is wielding a +0 giant club.
The ogre shouts!
You hear an angry hiss.
The ogre hits you with a +0 giant club!!
Ouch! That really hurt!
* * * LOW HITPOINT WARNING * * *
The ogre hits you with a +0 giant club!!
Ouch! That really hurt!
You die...

###
###~##
~~~~#
~~~
#O#
#@#
#~#
##~##
#~†~#
#~~~#
##~##
#.#
#.#
#.#


You could see an ogre.

Vanquished Creatures
  Grinder (D:3)
  Sigmund (D:4)
  A howler monkey (D:3)
  2 hounds (D:4)
  4 adders
  3 worms
  7 orcs
  8 ball pythons
  8 endoplasms
  5 giant cockroaches
  11 goblins
  8 hobgoblins
  8 jackals
  6 kobolds
  4 quokkas (D:2)
  2 bats (D:3)
  3 frilled lizards
  6 rats
88 creatures vanquished.

Notes
Turn   | Place    | Note
-------+----------+-------------------------------------------
     0 | D:1      | hikkokomori the Gargoyle Earth Elementalist began the quest
                  | for the Orb.
     0 | D:1      | Reached XP level 1. HP: 10/10 MP: 3/3
   128 | D:1      | Reached XP level 2. HP: 14/15 MP: 5/5
   353 | D:1      | Reached skill level 4 in Earth Magic
   529 | D:1      | Reached XP level 3. HP: 14/19 MP: 6/6
   780 | D:2      | Reached skill level 1 in Axes
   930 | D:2      | Identified the +1 ring mail of Plasticity {rN+}
  1421 | D:3      | Found a burning altar of Makhleb.
  1430 | D:3      | Reached XP level 4. HP: 22/24 MP: 7/7
  1454 | D:3      | Found a sacrificial altar of Ru.
  1524 | D:3      | Reached XP level 5. HP: 18/28 MP: 8/8
  1578 | D:3      | Found a broken altar of Ashenzari.
  2013 | D:3      | Found a hide-covered altar of Uskayaw.
  2013 | D:3      | Found an ancient bone altar of Kikubaaqudgha.
  2068 | D:3      | Found a bloodstained altar of Trog.
  2077 | D:3      | Found a glowing golden altar of the Shining One.
  2178 | D:3      | Learned a level 3 spell: Mephitic Cloud
  2233 | D:4      | Reached skill level 1 in Fighting
  2233 | D:4      | Reached skill level 1 in Conjurations
  2233 | D:4      | Reached skill level 5 in Earth Magic
  2307 | D:4      | Noticed Sigmund
  2313 | D:4      | Reached skill level 1 in Poison Magic
  2317 | D:4      | Noticed Grinder
  2335 | D:3      | Paralysed by Grinder for 5 turns
  2348 | D:3      | Killed Grinder
  2349 | D:3      | Reached XP level 6. HP: 15/35 MP: 9/9
  2440 | D:4      | Found a staircase to the Ecumenical Temple.
  2445 | D:4      | Killed Sigmund
  2446 | D:4      | Reached skill level 6 in Earth Magic
  2446 | D:4      | Reached XP level 7. HP: 17/40 MP: 9/10
  2497 | D:4      | Mangled by an ogre

Illustrated notes

Levels and vault maps discovered:
D:1:      ebering_hopf_link, layout_basic, serial_glass, glass_columns_a,
          glass_columns_b
D:2:      layout_basic
D:3:      layout_basic, minitemple, nicolae_ru_sacrificial_ziggurat,
          mainiacjoe_overflow_surrounded_room, mainiacjoe_overflow_paths,
          mainiacjoe_overflow_swirl, serial_corexii_hall,
          corexii_hall_statues_x, corexii_hall_statues_t
D:4:      layout_layer_cave, temple_fountains, gup_sewer_entry_bubbles,
          uniq_eustachio, uniq_sigmund, uniq_grinder

Skill      XL: |  1  2  3  4  5  6 |
---------------+-------------------+-----
Earth Magic    | 4 5 6 |  6.0
Axes           | 1 2 |  2.1
Stealth        | 3 |  3.9
Fighting       | 2 |  2.9
Conjurations   | 2 |  2.9
Poison Magic   | 2 |  2.6
Dodging        | |  1.6
Spellcasting   | |  2.0
Transmutations | |  0.8

Action                     |  1- 3 |  4- 6 |  7- 9 || total
---------------------------+-------+-------+-------++-------
  Melee: Unarmed           |    14 |       |       ||    14
         Hand axe          |    91 |    85 |     3 ||   179
   Cast: Sandblast         |    10 |     3 |     5 ||    18
    Use: Scroll            |       |     3 |       ||     3
   Stab: Sleeping          |     1 |       |       ||     1
 Armour: Robe              |    40 |       |       ||    40
         Ring mail         |    32 |    88 |     5 ||   125
  Dodge: Dodged            |    81 |    91 |     3 ||   175

Table legend: (Time is in decaauts)
 A = Elapsed time spent in this place.
 B = Non-inter-level travel time spent in this place.
 C = Inter-level travel time spent in this place.
 D = Time resting spent in this place.
 E = Time spent auto-exploring this place.
 F = Levels seen in this place.
 G = Mean time per level.
                   A        B        C        D        E       F      G
               +--------+--------+--------+--------+--------+-----+--------+
         Total |   2659 |   2524 |    135 |    131 |   1698 |   4 |  664.8 |
       Dungeon |   2659 |   2524 |    135 |    131 |   1698 |   4 |  664.8 |
               +--------+--------+--------+--------+--------+-----+--------+

Top non-repeatable levels by time:
     D:3: 1009 daAuts
     D:2: 742 daAuts
     D:1: 718 daAuts
     D:4: 188 daAuts
